Cogmind - Beta 15 @@@ ROGUE MODE // 2025.05.18 @ 22:46:44 Player: szymekc Result: Self-destructed Performance ------------- Evolutions (2) 1000 Regions Visited (4) 800 Robots Destroyed (54) 270 Value Destroyed (1803) 1803 Prototype IDs (0) 0 Alien Tech Used (0) 0 Bonus (148) 148 TOTAL SCORE: 4021 Bonus ------- High Alert Combat Kills 23 Follower Combat Kills 125 Cogmind --------- Core Integrity 374/550 Matter 176/300 Energy 290/290 System Corruption 0% Temperature Cool (0) Movement Rolling (160) Ox4 Location -8/Materials Parts ------- > --- POWER (1) -------- Improved Deuterium Engine > --- PROPULSION (5) --- Light Treads Armored Treads Armored Treads Armored Huge Wheel > --- UTILITY (3) ------ Huge Storage Unit Hardened Heavy Armor Plating > --- WEAPON (2) ------- Subdweller Machine Gun Subdweller Machine Gun > --- INVENTORY (25) --- Light Deuterium Engine Light Treads Light Treads Armored Huge Wheel Armored Huge Wheel High-capacity Storage Unit Advanced Visual Processing Unit Makeshift Hacking Suite Subdweller Beam Cannon Subdweller Machine Gun Subdweller Machine Gun Flak Gun Flak Gun Flak Gun Flak Gun Heavy Assault Cannon Subdweller Shrapnel Launcher Subdweller Shrapnel Launcher Peak State ------------ > --- POWER ------------ Improved Deuterium Engine > --- PROPULSION ------- Light Treads Armored Treads Armored Treads Armored Huge Wheel > --- UTILITY ---------- Huge Storage Unit Hardened Heavy Armor Plating > --- WEAPON ----------- Subdweller Machine Gun Subdweller Machine Gun > --- INVENTORY -------- Light Deuterium Engine Light Treads Light Treads Armored Huge Wheel Armored Huge Wheel High-capacity Storage Unit Advanced Visual Processing Unit Makeshift Hacking Suite Subdweller Beam Cannon Subdweller Machine Gun Subdweller Machine Gun Flak Gun Flak Gun Flak Gun Flak Gun Heavy Assault Cannon Subdweller Shrapnel Launcher Subdweller Shrapnel Launcher [Rating: 38] Favorites ----------- Power Light Ion Engine Engine Light Ion Engine Propulsion Light Treads Treads Light Treads Leg Carbon-fiber Leg Wheel Subdweller Monowheel Utility Seismic Detector Device Seismic Detector Storage Huge Storage Unit Protection Scrap Shield Weapon Subdweller Beam Cannon Energy Gun Subdweller Laser Energy Cannon Subdweller Beam Cannon Ballistic Gun Assault Rifle Launcher Subdweller Shrapnel Launcher Slashing Weapon Mining Claw Build | -11 -10 -10 -10 -8 ------- Run | Yrd Mat Min Sub Mat Slots Evolved 4 | . . . . 4 Power . | . . . . . Propulsion 3 | . . . . 3 Utility 1 | . . . . 1 Weapon . | . . . . . Parts Attached 51 | 7 . 1 18 25 Power 6 | 1 . . 2 3 Engine 6 | 1 . . 2 3 Core . | . . . . . Reactor . | . . . . . Propulsion 20 | 2 . . 7 11 Treads 11 | 2 . . . 9 Leg 2 | . . . 2 . Wheel 7 | . . . 5 2 Hover . | . . . . . Flight . | . . . . . Utility 12 | 2 . 1 3 6 Device 5 | 2 . . 1 2 Storage 3 | . . 1 2 . Processor . | . . . . . Hackware . | . . . . . Protection 4 | . . . . 4 Artifact . | . . . . . Weapon 13 | 2 . . 6 5 Energy Gun 1 | . . . 1 . Energy Cannon 3 | . . . 2 1 Ballistic Gun 6 | 2 . . 1 3 Ballistic Cannon . | . . . . . Launcher 2 | . . . 1 1 Special Weapon . | . . . . . Impact Weapon . | . . . . . Slashing Weapon 1 | . . . 1 . Piercing Weapon . | . . . . . Special Melee Weapon . | . . . . . Unidentified Prototypes . | . . . . . Parts Lost 17 | . . . 8 9 Power 2 | . . . 2 . Propulsion 7 | . . . 4 3 Utility 6 | . . . 1 5 Weapon 2 | . . . 1 1 Highest Loss Streak 5 | . . . 4 5 To Critical Strikes . | . . . . . Average Backups 12 | . 2 6 13 19 Power . | . . . 1 1 Propulsion 2 | . . 1 1 3 Utility 3 | . . 3 4 4 Weapon 5 | . 1 2 6 9 Tool/Special . | . . . . . Unused Backups 17 | . . . 2 15 Power 2 | . . . . 2 Propulsion 3 | . . . . 3 Utility 2 | . . . . 2 Weapon 10 | . . . 2 8 Tool/Special . | . . . . . Average Slot Usage (%) 93 | . 100 100 95 86 Engine 11 | . 14 14 12 9 Treads 23 | . 28 28 5 33 Leg 2 | . . . 7 . Wheel 6 | . . . 13 5 Device 12 | . 28 19 12 4 Storage 9 | . . 8 14 9 Protection 2 | . . . . 5 Energy Cannon 10 | . . . 18 11 Ballistic Gun 13 | . 28 28 7 6 Peak Build Rating 38 | 9 9 9 19 38 Average Rating 16 | 5 9 8 15 24 On Entrance 8 | . 9 9 8 14 Naked Turns . | . . . . . Heaviest Build 129 | 8 8 27 106 129 Greatest Support 100 | 40 40 40 40 100 Greatest Overweight (x) 5 | . . . 4 5 Average Overweight (x) 1 | . . . 2 2 Largest Inventory Capacity 25 | 5 5 15 25 25 Average Capacity 18 | 5 5 11 19 25 Most Carried 25 | 1 3 8 21 25 Average Carried 14 | . 2 6 16 23 Final Capacity 25 | 5 5 15 25 25 Final Carried 21 | 1 3 8 20 21 Class Distribution -------------------- 50% | Mutant 34% | Scavenger-Mutant 14% | Subdweller-Mutant Dominant Class ---------------- Mutant | -10/Materials Mutant | -10/Mines Scavenger-Mutant | -10/Subcaves Scavenger-Mutant | -8/Materials Resources | -11 -10 -10 -10 -8 ----------- Run | Yrd Mat Min Sub Mat Matter Collected 1182 | 254 . 138 244 546 Remotely . | . . . . . Salvage Created 1758 | 118 . 83 333 1224 Parts 103 | 10 1 8 23 61 Haulers Intercepted . | . . . . . Recyclers Shooed 1 | 1 . . . . Parts Field Recycled . | . . . . . Retrieved Matter . | . . . . . Parts Self-Destructed 11 | . . . 11 . Prevented . | . . . . . Kills | -11 -10 -10 -10 -8 ------- Run | Yrd Mat Min Sub Mat Combat Hostiles Destroyed 41 | . . 4 10 27 Guns 18 | . . 4 4 10 Cannons 9 | . . . 4 5 AOE 14 | . . . 2 12 Classes Destroyed 12 | 3 . 2 3 4 Worker 6 | 1 1 . . 4 Tunneler 3 | 2 . . . 1 Recycler 2 | 1 . . . 1 Watcher 2 | . . . . 2 Swarmer 6 | . . 3 3 . Grunt 18 | . . 1 . 17 Brawler 1 | . . . . 1 Sentry 8 | . . . 1 7 Hunter 1 | . . . . 1 Heavy 1 | . . . . 1 Artisan 1 | . . . 1 . Subdweller 6 | . . . 6 . Best Kill Streak 8 | 3 1 3 3 8 Combat Bots Only 6 | . . 3 3 6 Max Kills in Single Turn 5 | 1 1 1 1 5 Gunslinging . | . . . . . Exploded 3 | . . . 1 3 Melee . | . . . . . Uniques/NPCs Destroyed . | . . . . . Combat | -11 -10 -10 -10 -8 -------- Run | Yrd Mat Min Sub Mat Hostile Shots Fired 213 | . . 15 63 135 Missed 51 | . . 2 19 30 Hits 162 | . . 13 44 105 Projectile 162 | . . 13 44 105 AOE 2 | . . . 2 . Critical Strikes 12 | . . . 1 11 Damage Taken 3000 | . . 127 808 2065 Core 393 | . . 41 176 176 Absorbed by Shields 12 | . . . . 12 Core Remaining (%) 56 | 100 . . 13 . Volleys Fired 122 | 18 2 9 32 61 Largest 2 | 2 2 2 2 2 Hottest 160 | 40 40 40 160 160 Shots Fired 230 | 36 4 18 61 111 Gun 161 | 36 4 18 39 64 Cannon 59 | . . . 20 39 Launcher 10 | . . . 2 8 Special . | . . . . . Kinetic 167 | 36 4 18 37 72 Thermal 63 | . . . 24 39 Explosive . | . . . . . Electromagnetic . | . . . . . Robot Hit Streak 15 | 15 1 6 13 9 Robot Miss Streak 5 | 5 2 3 5 3 Penetration Max . | . . . . . Secondary Targets 1 | . . . 1 . Max Gunslinging Chain 1 | . . . 1 . Shots Hit Robots 149 | 24 1 12 42 70 Core Hits 88 | 6 1 6 16 59 Critical Kills 2 | . . . 1 1 Critical Parts Destroyed 1 | . . . . 1 Critical Strikes 3 | . . . 1 2 Destroy 3 | . . . 1 2 Melee Attacks 6 | . . . 6 . Impact . | . . . . . Slashing 6 | . . . 6 . Piercing . | . . . . . Sneak Attacks . | . . . . . Combat Hostiles . | . . . . . Follow-up Attacks . | . . . . . Damage Inflicted 4610 | 258 8 133 873 3338 Guns 1639 | 258 7 133 295 946 Cannons 1047 | . . . 310 737 Explosions 1734 | . . . 223 1511 Melee 45 | . . . 45 . Ramming 145 | . 1 . . 144 Kinetic 3120 | 258 7 133 457 2265 Thermal 1219 | . . . 371 848 Explosive . | . . . . . Electromagnetic 81 | . . . . 81 Impact . | . . . . . Slashing 45 | . . . 45 . Piercing . | . . . . . Highest Corruption . | . . . . . Average Corruption . | . . . . . Corruption Purged . | . . . . . Corruption Blocked . | . . . . . Overload Shots . | . . . . . Overflow Damage 94 | . . . 81 13 Projectiles 3 | . . . . 3 Explosions 91 | . . . 81 10 Melee . | . . . . . Knockbacks 1 | . . . . 1 Impact 1 | . . . . 1 Kinetic . | . . . . . Secondary . | . . . . . Self-Inflicted Damage 115 | . . . 19 96 Shots 4 | . . . 1 3 Rammed 5 | . 1 . . 4 Targets Rammed 8 | . 2 . . 6 Kicked . | . . . . . Crushed 3 | . 1 . . 2 Highest Temperature 360 | . . . 102 360 Average Temperature 101 | . . . 37 110 Received Heat Transfer 927 | . . 12 168 747 Effects 5 | . . . . 5 Energy Bleed 3 | . . . . 3 Interference 2 | . . . . 2 Siege Activations . | . . . . . Martial Activations . | . . . . . Shielding Activations . | . . . . . Robots Disrupted 1 | . . . . 1 Combat Hostiles 1 | . . . . 1 Robots Corrupted . | . . . . . Combat Hostiles . | . . . . . Parts Fried . | . . . . . Impact Corruptions . | . . . . . Robots Melted . | . . . . . Combat Hostiles . | . . . . . Parts Melted 2 | . . . 1 1 Heat Transferred 1531 | . . . 482 1049 Parts Sabotaged . | . . . . . Parts Stolen . | . . . . . Parts Stripped . | . . . . . Power Chain Reactions . | . . . . . Alert | -11 -10 -10 -10 -8 ------- Run | Yrd Mat Min Sub Mat Maximum Alert Level 2 | . . . . 2 Low Security (%) 90 | 100 100 100 . 82 Level 1 7 | . . . . 13 Level 2 2 | . . . . 3 Level 3 . | . . . . . Level 4 . | . . . . . Level 5 . | . . . . . High Security . | . . . . . Max Security . | . . . . . Peak Influence 502 | 10 5 60 . 502 Initial 52 | . . . . 52 Average 54 | . . 10 . 98 Influence Increases 1290 | 20 5 128 155 982 Destroy 0b10 Robot/C 720 | . . 100 80 540 Destroy 0b10 Robot/NC 65 | 20 5 . . 40 Destroy Leader 174 | . . 20 . 154 Allied During Kill 8 | . . 8 . . Successful Hack 20 | . . . . 20 Disable Machine 90 | . . . . 90 Destroy Structure 108 | . . . . 108 Lose Combat Pursuer 105 | . . . 75 30 Influence Decreases 790 | 20 5 128 54 583 Entered New Map 49 | . . . . 49 Time Decay 641 | 20 5 128 44 444 Lost Part 100 | . . . 10 90 Squads Dispatched 4 | . 2 . . 2 Investigation . | . . . . . Extermination . | . . . . . Reinforcement 4 | . 2 . . 2 Assault . | . . . . . Garrison . | . . . . . Intercept . | . . . . . Searches Triggered . | . . . . . Construction Impeded . | . . . . . Haulers Reinforced . | . . . . . Active Scanning Responses . | . . . . . Cargo Convoy Interrupts . | . . . . . Stealth | -11 -10 -10 -10 -8 --------- Run | Yrd Mat Min Sub Mat Distress Signals 2 | . . . . 2 Communications Jammed . | . . . . . Distress Signals . | . . . . . Times Spotted 69 | . 2 5 22 40 Peak Tracking Total 7 | . 3 3 5 7 Tactical Retreats 4 | . . . 2 2 Traps | -11 -10 -10 -10 -8 ------- Run | Yrd Mat Min Sub Mat Traps Triggered 2 | . . . 1 1 Indirectly . | . . . . . Trap Hack Attempts . | . . . . . Triggered . | . . . . . Disarmed . | . . . . . Reprogrammed . | . . . . . Reused . | . . . . . Traps Extracted . | . . . . . Installed . | . . . . . Triggered . | . . . . . Machines | -11 -10 -10 -10 -8 ---------- Run | Yrd Mat Min Sub Mat Machines Disabled 6 | . . . . 6 Max in Single Turn 3 | . . . . 3 Garrison Access 1 | . . . . 1 Machines Repaired . | . . . . . Machines Dismantled . | . . . . . Machines Sabotaged . | . . . . . Overloaded Fab Kills . | . . . . . Hacking | -11 -10 -10 -10 -8 --------- Run | Yrd Mat Min Sub Mat Machines Accessed 5 | . . . . 5 Terminals 3 | . . . . 3 Fabricators . | . . . . . Repair Stations . | . . . . . Recycling Units 1 | . . . . 1 Scanalyzers . | . . . . . Garrison Access 1 | . . . . 1 Total Hacks 8 | . . . . 8 Successful 4 | . . . . 4 Failed 4 | . . . . 4 Catastrophic 1 | . . . . 1 Database Lockouts . | . . . . . Manual 5 | . . . . 5 Terminals 6 | . . . . 6 Fabricators . | . . . . . Repair Stations . | . . . . . Recycling Units 1 | . . . . 1 Scanalyzers . | . . . . . Garrison Access 1 | . . . . 1 Terminal Hacks 1 | . . . . 1 Branch Access Points 1 | . . . . 1 Fabricator Hacks . | . . . . . Repair Station Hacks . | . . . . . Recycling Unit Hacks 1 | . . . . 1 Retrieve Components 1 | . . . . 1 Scanalyzer . | . . . . . Garrison Access Hacks 1 | . . . . 1 Seal Access 1 | . . . . 1 Unauthorized Hacks 1 | . . . . 1 Terminals 1 | . . . . 1 Botnet 1 | . . . . 1 Fabricators . | . . . . . Repair Stations . | . . . . . Recycling Units . | . . . . . Scanalyzers . | . . . . . Garrison Access . | . . . . . Data Cores Recovered . | . . . . . Used . | . . . . . Hacking Detections 2 | . . . . 2 Full Trace Events . | . . . . . Feedback Events . | . . . . . Feedback Blocked . | . . . . . Robot Schematics Acquired . | . . . . . Robots Built . | . . . . . Authchips . | . . . . . Time . | . . . . . Total Robot Build Rating . | . . . . . Part Schematics Acquired . | . . . . . Parts Built . | . . . . . Authchips . | . . . . . Time . | . . . . . Total Part Build Rating . | . . . . . Parts Repaired . | . . . . . Time . | . . . . . Parts Recycled . | . . . . . Recycled Matter . | . . . . . Retrieved Matter . | . . . . . Retrieved Components . | . . . . . Parts Scanalyzed . | . . . . . Part Schematics Acquired . | . . . . . Parts Damaged . | . . . . . Bothacking | -11 -10 -10 -10 -8 ------------ Run | Yrd Mat Min Sub Mat Used RIF Installer . | . . . . . Robots Hacked . | . . . . . Non-combat . | . . . . . Combat . | . . . . . Robot Hacks Applied . | . . . . . Relay Couplers Released . | . . . . . Fabnet Peak Effective % . | . . . . . Robots Rewired . | . . . . . Allies Hacked . | . . . . . Hacks Repelled . | . . . . . Allies | -11 -10 -10 -10 -8 -------- Run | Yrd Mat Min Sub Mat Total Allies 3 | . . 3 . . Largest Group 3 | . . 3 3 . Highest-Rated Group 40 | . . 40 40 . Highest-Rated Ally 16 | . . 16 16 . Total Orders . | . . . . . Ally Attacks 54 | . . 7 47 . Total Damage 620 | . . 86 534 . Kills 4 | . . 1 3 . Allies Corrupted . | . . . . . Allies Melted . | . . . . . Intel | -11 -10 -10 -10 -8 ------- Run | Yrd Mat Min Sub Mat Active Infowar (turns) 2386 | 70 206 820 860 430 Terrain 527 | 22 206 299 . . Structural 818 | . . . 388 430 Seismic 1762 | 70 206 820 472 194 Robot Analysis Total . | . . . . . Derelict Logs Recovered 2 | . . 1 1 . Drone Launches . | . . . . . Drone Recoveries . | . . . . . Exploration | -11 -10 -10 -10 -8 ------------- Run | Yrd Mat Min Sub Mat Turns Passed 3481 | 168 206 820 991 1296 Spaces Moved 1794 | 69 122 489 569 545 Core 3 | 3 . . . . Treads 1023 | 66 122 489 83 263 Legs 19 | . . . 19 . Wheels 749 | . . . 467 282 Hover . | . . . . . Flight . | . . . . . Fastest Speed 50 | 50 160 160 115 131 Average Speed 162 | 155 160 160 144 184 Slowest Speed 400 | 160 160 160 400 242 Overloaded Moves . | . . . . . Propulsion Burnouts . | . . . . . Robots Hopped . | . . . . . Potential Cave-ins 3 | . . . 3 . Cave-ins Triggered . | . . . . . Exploration Rate (%) 43 | 5 30 99 24 58 Regions Visited 4 Branch Regions 2 Pre-discovered Areas 1 | . . 1 . . Known Exits Taken . | . . . . . Unknown Exits Taken 4 | 1 1 1 1 . Scrap Searched 11 | . . 2 9 . Spaces Dug 22 | . . . 11 11 Terrain Destroyed 140 | . . . 31 109 Melee . | . . . . . Projectile 16 | . . . 2 14 AOE 124 | . . . 29 95 Terrain Rammed . | . . . . . Walls Destroyed . | . . . . . Machines Disabled . | . . . . . Actions | -11 -10 -10 -10 -8 --------- Run | Yrd Mat Min Sub Mat Total 2113 | 94 128 510 665 716 Wait 44 | . 1 7 6 30 Move 1790 | 68 121 488 568 545 Hop . | . . . . . Pick Up 47 | 1 2 5 21 18 Fast Attach 19 | 7 . . 4 8 Attach 15 | . . . 6 9 Detach 4 | . . . 1 3 Swap 31 | . . 1 13 17 Drop 27 | . . . 8 19 Fire 122 | 18 2 9 32 61 Melee 6 | . . . 6 . Ram . | . . . . . Kick . | . . . . . Crush 8 | . 2 . . 6 Escape Stasis . | . . . . . Rewire . | . . . . . Trap . | . . . . . Miscellaneous . | . . . . . Route ------- -11/Scrapyard -10/Materials -10/Mines (discovered 4 exits: [*Mat x2] / [*Exi] / [*Sub]) -10/Subcaves -8/Materials (discovered 1 exit: [*Fac]) History --------- Turn | Location | Event 8 | -11/Scrapyard | Discovered new exit (range 14) 169 | -11/Scrapyard | Entered Materials 279 | -10/Materials | Discovered new exit (range 9) 303 | -10/Materials | Build established: Mutant 375 | -10/Materials | Entered Mines 398 | -10/Mines | Discovered new exit (range 13) 707 | -10/Mines | Learned location of Zion (-6) 725 | -10/Mines | Assisted by bots powering up and referring to "LRC-V3" 744 | -10/Mines | Deemed a non-threat by the Exiles lab entrance 744 | -10/Mines | Discovered new exit (range 5) 756 | -10/Mines | Discovered new exit (range 4) 827 | -10/Mines | Discovered new exit (range 10) 1195 | -10/Mines | Entered Subcaves 1195 | -10/Subcaves | Accompanied by 3 allies 1196 | -10/Subcaves | Approached by a straggling Scientist 1381 | -10/Subcaves | Ambushed by swarm of Subdwellers 1392 | -10/Subcaves | Ambushed by Subdwellers from Twisted Machinery 1394 | -10/Subcaves | Ambushed by Subdweller buried in earth 1400 | -10/Subcaves | Core integrity fell below 50% 1434 | -10/Subcaves | Lost 7 allies 1441 | -10/Subcaves | Lost 4 parts (3n1w) 1663 | -10/Subcaves | Disturbed a concealed Subdweller 1692 | -10/Subcaves | Build established: Scavenger-Mutant 1731 | -10/Subcaves | A swath of the cavern ceiling suddenly collapsed 1869 | -10/Subcaves | Discovered new exit (range 7) 1877 | -10/Subcaves | Shifting Twisted Machinery released Sub. Monowheel 1933 | -10/Subcaves | Learned Materials stockpile data 1957 | -10/Subcaves | Ambushed by angry Subdweller bent on revenge 1987 | -10/Subcaves | Shifting Twisted Machinery released Mak. Hacking Suite 2164 | -10/Subcaves | Core integrity fell below 20% 2186 | -10/Subcaves | Entered Materials 2186 | -8/Materials | Evolved 4 slots: Propulsion x3, Utility x1 2203 | -8/Materials | Build established: Mutant 2594 | -8/Materials | Build established: Scavenger-Mutant 2604 | -8/Materials | Discovered new exit (range 11) 2661 | -8/Materials | Lost 3 parts (1n2u) 2977 | -8/Materials | Build established: Subdweller-Mutant 3233 | -8/Materials | Lost 5 parts (1n3u1w) 3477 | -8/Materials | Build established: Scavenger-Mutant 3482 | -8/Materials | Self-destructed Last Messages --------------- 03430_ U-05 Engineer builds a Wall. 03431_ Critical hit (Burn: +37). 03431_ G-47 Trooper destroyed. 03431_ G-50 Soldier destroyed. 03434_ K-01 Serf collects debris. 03434_ U-05 Engineer lays Concrete. 03439_ K-01 Serf collects debris. 03440_ U-05 Engineer lays Concrete. 03442_ K-01 Serf collects debris. 03456_ U-05 Engineer lays Concrete. 03458_ K-01 Serf collects debris. 03458_ U-05 Engineer builds a Wall. 03461_ K-01 Serf collects debris. 03463_ U-05 Engineer lays Concrete. 03463_ Acquired 10 matter. 03464_ K-01 Serf collects debris. 03469_ U-05 Engineer lays Concrete. 03482_ Connecting with Terminal... >>Access(Branch) No branch access points found. Map ----- +----------------------------------------------------+ | ?????????????????????????????????????????? | | ?????????????????????????????????????????? | | ?????????????????????????????????????????? | | ?????????????????????????????????????????? | | ?????????????????????????????????????????? | | ?????????????????????????????????????????? | | ?????????????????????????????????????????? | | ??????????##?? ????????????????????????? | | ???????? ?? #???????????????????????? | | ??????# # #???????????????????????? | | ??????# + +???????????????????????? | | ??????# # #???????????????????????? | | ??????# # #???????????????????????? | | ####### # #???????????????????????? | | ##"""""## ########????????????????? | | """ "= * "" # ????????????????? | | "G " "" # ?????????????????? | | """ " "; + ???????????????????? | | " % # ?????????????????????? | | " ###########????????????? | | ####"" ! # #????????????? | | """#"" " = #????????????? | | =* # ! #????????????? | | = #????????????? | | # ""#????????????? | | #######+# # @T"#????????????? | | "## #!! ""#????????????? | | ## """ #!! #????????????? | | ## """ ### ## #########????????????? | | ## """ !##?# ####????????????????????? | | "## """ = #??# #???????????????????????? | | "## """ #??# #???????????????????????? | | "#? #??# #???????????????????????? | | #?? ! #??# #???????????????????????? | | ????#########??# #???????????????????????? | | ???????????????# #???????????????????????? | | ???????????????? ????????????????????????? | | ???????????????? ????????????????????????? | | ???????????????? ????????????????????????? | | ?????????????????????????????????????????? | | ?????????????????????????????????????????? | | ?????????????????????????????????????????? | | ?????????????????????????????????????????? | | ?????????????????????????????????????????? | | ?????????????????????????????????????????? | | ?????????????????????????????????????????? | | ?????????????????????????????????????????? | | ?????????????????????????????????????????? | | ?????????????????????????????????????????? | | ?????????????????????????????????????????? | +----------------------------------------------------+ Best States ------------- Heat Dissipation 31 Energy Generation 18 Energy Capacity 290 Matter Stores 300 Matter Capacity 300 Sight Range 16 Terrain Scan Range 16 Terrain Scan Density 10 Armor Coverage 800 Evasion (%) 40 Recoil Reduction 5 Item Schematics ----------------- None Robot Schematics ------------------ None Fabricated ------------ Nothing Repaired ---------- Nothing Alien Tech Used ----------------- None Achievements -------------- None Challenges ------------ None Game ------ Seed CorruptionGatlingInjector Manual? 0 Play Time 00:23:43 Cumulative 747.5 hours Start 2025.05.18 @ 22:25:36 End 2025.05.18 @ 22:46:44 Sessions 1 Manual Loads 0 Difficulty Rogue Special Mode None Game No. 246 Rogue 244 Adventurer 2 Explorer 0 Win Type - Total 43 Types 14/5/12/1/1/0/8/1/0/1 Lore% 95 Gallery% 93 Achievement% 82 Wizard Run 0 Options --------- Layout 0 ASCII 0 Keyboard 1 Movement Numpad Keybinds 0 Fullscreen 1 Font 24/Smallcaps Map View 76x50 Zoom Use 0% Tactical HUD 1 Map Filters NONE Filters NONE Steam 1 RUN: 7bd12a18-5353-4988-8695-204af784c6ca